%YAML 1.1
%TAG !u! tag:unity3d.com,2011:
--- !u!1 &1918981504
GameObject:
  m_ObjectHideFlags: 0
  m_CorrespondingSourceObject: {fileID: 0}
  m_PrefabInstance: {fileID: 0}
  m_PrefabAsset: {fileID: 0}
  serializedVersion: 6
  m_Component:
  - component: {fileID: 1918981505}
  - component: {fileID: 1918981506}
  m_Layer: 0
  m_Name: Box
  m_TagString: Untagged
  m_Icon: {fileID: 0}
  m_NavMeshLayer: 0
  m_StaticEditorFlags: 0
  m_IsActive: 1
--- !u!4 &1918981505
Transform:
  m_ObjectHideFlags: 0
  m_CorrespondingSourceObject: {fileID: 0}
  m_PrefabInstance: {fileID: 0}
  m_PrefabAsset: {fileID: 0}
  m_GameObject: {fileID: 1918981504}
  m_LocalRotation: {x: -0, y: -0.20450057, z: -0, w: 0.97886646}
  m_LocalPosition: {x: -3.871, y: 0.728, z: -3.796}
  m_LocalScale: {x: 1, y: 1, z: 1}
  m_Children: []
  m_Father: {fileID: 2616821321338879434}
  m_RootOrder: 2
  m_LocalEulerAnglesHint: {x: 0, y: -23.601002, z: 0}
--- !u!65 &1918981506
BoxCollider:
  m_ObjectHideFlags: 0
  m_CorrespondingSourceObject: {fileID: 0}
  m_PrefabInstance: {fileID: 0}
  m_PrefabAsset: {fileID: 0}
  m_GameObject: {fileID: 1918981504}
  m_Material: {fileID: 0}
  m_IsTrigger: 0
  m_Enabled: 1
  serializedVersion: 2
  m_Size: {x: 1.3514274, y: 1, z: 0.6737042}
  m_Center: {x: -0.17571346, y: 0, z: -0.16314863}
--- !u!1 &4077384783349010293
GameObject:
  m_ObjectHideFlags: 0
  m_CorrespondingSourceObject: {fileID: 0}
  m_PrefabInstance: {fileID: 0}
  m_PrefabAsset: {fileID: 0}
  serializedVersion: 6
  m_Component:
  - component: {fileID: 2616821321338879434}
  m_Layer: 0
  m_Name: Pelotes
  m_TagString: Untagged
  m_Icon: {fileID: 0}
  m_NavMeshLayer: 0
  m_StaticEditorFlags: 0
  m_IsActive: 1
--- !u!4 &2616821321338879434
Transform:
  m_ObjectHideFlags: 0
  m_CorrespondingSourceObject: {fileID: 0}
  m_PrefabInstance: {fileID: 0}
  m_PrefabAsset: {fileID: 0}
  m_GameObject: {fileID: 4077384783349010293}
  m_LocalRotation: {x: 0, y: 0, z: 0, w: 1}
  m_LocalPosition: {x: 1.2374725, y: -0.5641632, z: 0.7396798}
  m_LocalScale: {x: 1, y: 1, z: 1}
  m_Children:
  - {fileID: 7894137332834741146}
  - {fileID: 8890054273108016065}
  - {fileID: 1918981505}
  m_Father: {fileID: 0}
  m_RootOrder: 0
  m_LocalEulerAnglesHint: {x: 0, y: 0, z: 0}
--- !u!1001 &4053807900121046916
PrefabInstance:
  m_ObjectHideFlags: 0
  serializedVersion: 2
  m_Modification:
    m_TransformParent: {fileID: 2616821321338879434}
    m_Modifications:
    - target: {fileID: 4836256372187868445, guid: 9dccb5ea83651c54990cf1668c4cf937,
        type: 3}
      propertyPath: m_Size.x
      value: 0.68168014
      objectReference: {fileID: 0}
    - target: {fileID: 4836256372187868445, guid: 9dccb5ea83651c54990cf1668c4cf937,
        type: 3}
      propertyPath: m_Size.z
      value: 0.7300238
      objectReference: {fileID: 0}
    - target: {fileID: 4836256372187868445, guid: 9dccb5ea83651c54990cf1668c4cf937,
        type: 3}
      propertyPath: m_Center.x
      value: 3.3719258
      objectReference: {fileID: 0}
    - target: {fileID: 4836256372187868445, guid: 9dccb5ea83651c54990cf1668c4cf937,
        type: 3}
      propertyPath: m_Center.z
      value: -2.2636476
      objectReference: {fileID: 0}
    - target: {fileID: 5270719052647289649, guid: 9dccb5ea83651c54990cf1668c4cf937,
        type: 3}
      propertyPath: m_Name
      value: PanierRenverse
      objectReference: {fileID: 0}
    - target: {fileID: 6183328879392896030, guid: 9dccb5ea83651c54990cf1668c4cf937,
        type: 3}
      propertyPath: m_LocalPosition.x
      value: 0.5895275
      objectReference: {fileID: 0}
    - target: {fileID: 6183328879392896030, guid: 9dccb5ea83651c54990cf1668c4cf937,
        type: 3}
      propertyPath: m_LocalPosition.y
      value: 0.5641632
      objectReference: {fileID: 0}
    - target: {fileID: 6183328879392896030, guid: 9dccb5ea83651c54990cf1668c4cf937,
        type: 3}
      propertyPath: m_LocalPosition.z
      value: -4.3326797
      objectReference: {fileID: 0}
    - target: {fileID: 6183328879392896030, guid: 9dccb5ea83651c54990cf1668c4cf937,
        type: 3}
      propertyPath: m_LocalRotation.x
      value: -0
      objectReference: {fileID: 0}
    - target: {fileID: 6183328879392896030, guid: 9dccb5ea83651c54990cf1668c4cf937,
        type: 3}
      propertyPath: m_LocalRotation.y
      value: 0.9774336
      objectReference: {fileID: 0}
    - target: {fileID: 6183328879392896030, guid: 9dccb5ea83651c54990cf1668c4cf937,
        type: 3}
      propertyPath: m_LocalRotation.z
      value: -0
      objectReference: {fileID: 0}
    - target: {fileID: 6183328879392896030, guid: 9dccb5ea83651c54990cf1668c4cf937,
        type: 3}
      propertyPath: m_LocalRotation.w
      value: 0.21124288
      objectReference: {fileID: 0}
    - target: {fileID: 6183328879392896030, guid: 9dccb5ea83651c54990cf1668c4cf937,
        type: 3}
      propertyPath: m_RootOrder
      value: 0
      objectReference: {fileID: 0}
    - target: {fileID: 6183328879392896030, guid: 9dccb5ea83651c54990cf1668c4cf937,
        type: 3}
      propertyPath: m_LocalEulerAnglesHint.x
      value: 0
      objectReference: {fileID: 0}
    - target: {fileID: 6183328879392896030, guid: 9dccb5ea83651c54990cf1668c4cf937,
        type: 3}
      propertyPath: m_LocalEulerAnglesHint.y
      value: 0
      objectReference: {fileID: 0}
    - target: {fileID: 6183328879392896030, guid: 9dccb5ea83651c54990cf1668c4cf937,
        type: 3}
      propertyPath: m_LocalEulerAnglesHint.z
      value: 0
      objectReference: {fileID: 0}
    m_RemovedComponents: []
  m_SourcePrefab: {fileID: 100100000, guid: 9dccb5ea83651c54990cf1668c4cf937, type: 3}
--- !u!4 &7894137332834741146 stripped
Transform:
  m_CorrespondingSourceObject: {fileID: 6183328879392896030, guid: 9dccb5ea83651c54990cf1668c4cf937,
    type: 3}
  m_PrefabInstance: {fileID: 4053807900121046916}
  m_PrefabAsset: {fileID: 0}
--- !u!1001 &5350855419158290459
PrefabInstance:
  m_ObjectHideFlags: 0
  serializedVersion: 2
  m_Modification:
    m_TransformParent: {fileID: 2616821321338879434}
    m_Modifications:
    - target: {fileID: 3539231060345527257, guid: 7b0ef9fdf5035a04f9483370a073fd22,
        type: 3}
      propertyPath: m_Name
      value: BazarPelotes
      objectReference: {fileID: 0}
    - target: {fileID: 3539231060345527258, guid: 7b0ef9fdf5035a04f9483370a073fd22,
        type: 3}
      propertyPath: m_LocalPosition.x
      value: 1.6572645
      objectReference: {fileID: 0}
    - target: {fileID: 3539231060345527258, guid: 7b0ef9fdf5035a04f9483370a073fd22,
        type: 3}
      propertyPath: m_LocalPosition.y
      value: 0.56601024
      objectReference: {fileID: 0}
    - target: {fileID: 3539231060345527258, guid: 7b0ef9fdf5035a04f9483370a073fd22,
        type: 3}
      propertyPath: m_LocalPosition.z
      value: -2.9693847
      objectReference: {fileID: 0}
    - target: {fileID: 3539231060345527258, guid: 7b0ef9fdf5035a04f9483370a073fd22,
        type: 3}
      propertyPath: m_LocalRotation.x
      value: -0.31156543
      objectReference: {fileID: 0}
    - target: {fileID: 3539231060345527258, guid: 7b0ef9fdf5035a04f9483370a073fd22,
        type: 3}
      propertyPath: m_LocalRotation.y
      value: -0.07786783
      objectReference: {fileID: 0}
    - target: {fileID: 3539231060345527258, guid: 7b0ef9fdf5035a04f9483370a073fd22,
        type: 3}
      propertyPath: m_LocalRotation.z
      value: 0.22962299
      objectReference: {fileID: 0}
    - target: {fileID: 3539231060345527258, guid: 7b0ef9fdf5035a04f9483370a073fd22,
        type: 3}
      propertyPath: m_LocalRotation.w
      value: 0.91876924
      objectReference: {fileID: 0}
    - target: {fileID: 3539231060345527258, guid: 7b0ef9fdf5035a04f9483370a073fd22,
        type: 3}
      propertyPath: m_RootOrder
      value: 1
      objectReference: {fileID: 0}
    - target: {fileID: 3539231060345527258, guid: 7b0ef9fdf5035a04f9483370a073fd22,
        type: 3}
      propertyPath: m_LocalEulerAnglesHint.x
      value: 0
      objectReference: {fileID: 0}
    - target: {fileID: 3539231060345527258, guid: 7b0ef9fdf5035a04f9483370a073fd22,
        type: 3}
      propertyPath: m_LocalEulerAnglesHint.y
      value: 0
      objectReference: {fileID: 0}
    - target: {fileID: 3539231060345527258, guid: 7b0ef9fdf5035a04f9483370a073fd22,
        type: 3}
      propertyPath: m_LocalEulerAnglesHint.z
      value: 0
      objectReference: {fileID: 0}
    m_RemovedComponents: []
  m_SourcePrefab: {fileID: 100100000, guid: 7b0ef9fdf5035a04f9483370a073fd22, type: 3}
--- !u!4 &8890054273108016065 stripped
Transform:
  m_CorrespondingSourceObject: {fileID: 3539231060345527258, guid: 7b0ef9fdf5035a04f9483370a073fd22,
    type: 3}
  m_PrefabInstance: {fileID: 5350855419158290459}
  m_PrefabAsset: {fileID: 0}
